 Dungeon Crawl Stone Soup version 0.29.1-15-g9cfb28693d (webtiles) character file.

Game seed: 1654442137654086827

51 dudediamond6 the Trooper (level 3, 0/34 HPs)
             Began as a Hill Orc Fighter on Mar 17, 2023.
             Slain by a hobgoblin (1 damage)
             ... led by Robin
             ... on level 2 of the Dungeon.
             The game lasted 00:01:33 (1100 turns).

dudediamond6 the Trooper (Hill Orc Fighter)         Turns: 1100, Time: 00:01:33

Health: 0/34       AC:  8    Str: 20    XL:     3   Next: 81%
Magic:  3/3        EV:  9    Int:  8    God:
Gold:   82         SH:  4    Dex: 10    Spells: 2/2 levels left

rFire   . . .      SeeInvis .   a - +0 war axe
rCold   . . .      Faith    .   c - +0 buckler
rNeg    . . .      Spirit   .   b - +0 scale mail
rPois   .          Reflect  .   (no helmet)
rElec   .          Harm     .   (no cloak)
rCorr   .          Rampage  .   (no gloves)
Will    .....                   q - +0 pair of boots
Stlth   ..........              (no amulet)
HPRegen 0.11/turn               (no ring)
MPRegen 0.08/turn               (no ring)

@: no status effects
A: no striking features
a: no special abilities


You were on level 2 of the Dungeon.
You visited 1 branch of the dungeon, and saw 2 of its levels.

You collected 82 gold pieces.

Inventory:

Hand Weapons
 a - a +0 war axe (weapon)
Armour
 b - a +0 scale mail (worn)
 c - a +0 buckler (worn)
 q - a +0 pair of boots (worn)
Scrolls
 e - 2 scrolls of amnesia {unknown}
 f - a scroll of enchant weapon {unknown}
 g - a scroll of identify {unknown}
 i - 2 scrolls of summoning {unknown}
 n - a scroll of torment {unknown}
 p - a scroll of acquirement {unknown}
Potions
 d - a potion of might
 h - a potion of haste {unknown}
 j - a potion of attraction {unknown}
 k - a potion of curing {unknown}
 l - a potion of flight {unknown}
 m - a potion of berserk rage {unknown}
 o - a potion of mutation {unknown}


   Skills:
 * Level 4.4 Fighting
 * Level 3.4 Axes
 + Level 3.8 Armour
 + Level 0.2 Dodging
 + Level 3.5 Shields


You had 2 spell levels left.
You didn't know any spells.
Your spell library contained the following spells:

 Spells                   Type           Power      Damage    Failure   Level
 Shock                    Conj/Air       0%         1d3       85%         1
 Ensorcelled Hibernation  Hex/Ice        0%         N/A       94%         2
 Spider Form              Tmut/Pois      0%         N/A       99%         3
 Swiftness                Air            0%         N/A       99%         3
 Airstrike                Air            0%         2d(0-16)  100%        4
 Anguish                  Hex/Necr       0%         N/A       100%        4


Dungeon Overview and Level Annotations

Branches:
Dungeon (2/15)

Altars:

Annotations:
D:2 Robin


Message History

You hit the goblin but do no damage. Robin throws the goblin at you!
The goblin closely misses you.
The goblin unwields a +0 sling.
The goblin wields a +0 dagger.
The goblin hits you but does no damage.
You barely miss the goblin. You slash the goblin!
You kill the goblin!
The hobgoblin no longer looks unusually strong.
Robin throws the goblin at you!
The goblin unwields a +0 sling.
The goblin wields a +0 dagger.
The goblin hits you with a +0 dagger. x2
* * * LOW HITPOINT WARNING * * *
You hit the goblin.
You kill the goblin!
You closely miss the goblin. The goblin hits you but does no damage.
Robin roars a battlecry!
The hobgoblin goes into a battle-frenzy!
The goblin hits you but does no damage.
You slash the goblin!
You kill the goblin!
The hobgoblin hits you.
* * * LOW HITPOINT WARNING * * *
You block Robin's attack.
Items here: )))))) ††.
You hit the hobgoblin.
The hobgoblin is heavily wounded.
The hobgoblin hits you but does no damage.
You slash the hobgoblin!
You kill the hobgoblin!
You hit the hobgoblin.
The hobgoblin is heavily wounded.
The hobgoblin hits you but does no damage. x2
You closely miss the hobgoblin.
The hobgoblin is heavily wounded.
The hobgoblin barely misses you.
You slash the hobgoblin!
You kill the hobgoblin!
You closely miss the hobgoblin.
Robin points. "Kill!"
The hobgoblin hits you.
* * * LOW HITPOINT WARNING * * *
Robin hits you but does no damage. The hobgoblin hits you.
You die...

..# #g.# ##...###
....... #g...#
#....# ## #....#
#...#####....####
#.....@gg........
#...#####....####
##
.#####....####..#
.........#..†....#
##
..###.##...###..##
#. ###.##...# #.##
#. .........# #.#
#. ###.###..# #.#
#. # #.†###.## #.


You could see Robin and a hobgoblin (strong).

Vanquished Creatures
  A dart slug (D:1)
  8 endoplasms
  2 giant cockroaches (D:1)
  11 goblins
  5 hobgoblins
  3 quokkas
  2 ball pythons
  2 bats
  2 frilled lizards
  A kobold (D:1)
  4 rats
41 creatures vanquished.

Notes
Turn   | Place    | Note
-------+----------+-------------------------------------------
     0 | D:1      | dudediamond6 the Hill Orc Fighter began the quest for the
                  | Orb.
     0 | D:1      | Reached XP level 1. HP: 19/19 MP: 1/1
   257 | D:1      | Reached skill level 4 in Fighting
   257 | D:1      | Reached XP level 2. HP: 27/27 MP: 2/2
   490 | D:1      | Reached XP level 3. HP: 33/33 MP: 3/3
  1071 | D:2      | Noticed Robin
  1100 | D:2      | HP: 1/34 [hobgoblin[Robin] (6)]
  1100 | D:2      | Slain by a hobgoblin

Illustrated notes

Levels and vault maps discovered:
D:1:      giann_wishing_wells, layout_loops_ring
D:2:      layout_loops_ring, grunt_ministairs_13, uniq_robin, uniq_sigmund

Skill      XL: |  1  2 |
---------------+-------+-----
Fighting       | 4 |  4.4
Axes           | 3 |  3.4
Armour         | |  3.8
Dodging        | |  0.2
Shields        | |  3.5

Action                   || total
-------------------------++-------
Melee: War axe           ||    96
Armor: Scale mail        ||    52
Dodge: Dodged            ||    47
Block: Buckler           ||    23
